 Dungeon Crawl Stone Soup version 0.31-a0-702-gf82c85558f (webtiles) character file.

Game seed: 5845404310313498216

4 Essalna the Conjurer (level 1, 0/13 HPs)
             Began as a Demonspawn Conjurer on Sept 8, 2023.
             Frozen to death by an endoplasm (5 damage)
             ... on level 1 of the Dungeon.
             The game lasted 00:00:29 (184 turns).

Essalna the Conjurer (Demonspawn Conjurer)           Turns: 184, Time: 00:00:29

Health: 0/13       AC:  3    Str:  7    XL:     1   Next: 50%
Magic:  1/3        EV: 12    Int: 19    God:
Gold:   13         SH:  0    Dex: 11    Spells: 3/4 levels left

rFire   . . .        e - +0 mace
rCold   . . .        (no shield)
rNeg    . . .        a - +0 robe
rPois   .            (no helmet)
rElec   .            (no cloak)
rCorr   .            c - +0 pair of gloves
SInv    .            (no boots)
Will    .....        (no amulet)
Stlth   ++           (no ring)
HPRegen 0.22/turn    (no ring)
MPRegen 0.08/turn

%: no passive effects
@: no status effects
A: no striking features
a: no special abilities


You were on level 1 of the Dungeon.
You visited 1 branch of the dungeon, and saw 1 of its levels.

You collected 13 gold pieces.

Inventory:

Hand Weapons
 e - a +0 mace (weapon)
Armour
 a - a +0 robe (worn)
 c - a +0 pair of gloves (worn)
Scrolls
 d - a scroll of noise {unknown}
 f - a scroll of identify {unknown}
Potions
 b - a potion of magic


   Skills:
 - Level 1.7 Dodging
 - Level 1.7 Stealth
 + Level 2.1 Spellcasting
 + Level 4.1 Conjurations


You had 3 spell levels left.
You knew the following spells:

 Your Spells              Type           Power      Damage    Failure   Level
a - Magic Dart            Conj           68%        1d6       3%          1

Your spell library contained the following spells:

 Spells                   Type           Power      Damage    Failure   Level
 Searing Ray              Conj           34%        2d5       4%          2
 Dazzling Flash           Conj/Hex       18%        N/A       22%         3
 Fulminant Prism          Conj/Hex       4%         3d5       56%         4
 Iskenderun's Mystic Bla  Conj/Tloc      9%         2d4       56%         4


Dungeon Overview and Level Annotations

Branches:
Dungeon (1/15)

Altars:

Shops:
D:1 :


Message History

The goblin shouts!
The magic dart hits the goblin.
The goblin is heavily wounded.
The magic dart hits the goblin.
You kill the goblin!
The magic dart hits the endoplasm.
The endoplasm is heavily wounded.
You are out of magic!
You are out of magic!
You are out of magic!
The endoplasm hits you but does no damage.
You barely miss the endoplasm.
The endoplasm is heavily wounded.
The endoplasm hits you.
You hit the endoplasm.
The endoplasm is almost dead.
The endoplasm barely misses you. The endoplasm freezes you.
You are frozen.
You are too injured to fight recklessly!
You are too injured to fight recklessly!
You are too injured to fight recklessly!
You are too injured to fight recklessly!
You are too injured to fight recklessly!
You are too injured to fight recklessly!
An endoplasm is nearby!
An endoplasm is nearby!
You hit the endoplasm but do no damage.
The endoplasm is severely wounded.
The endoplasm hits you.
You hit the endoplasm but do no damage.
The endoplasm is severely wounded.
The endoplasm hits you but does no damage.
The endoplasm freezes you.
You are frozen.
You completely miss the endoplasm.
The endoplasm is severely wounded.
The endoplasm freezes you.
You are frozen.
You die...

#.# #.# #.# #.#
#.# #.#
####.#####.#####
..)............#
.###.......###.#
## ###.##.## #.#
#.##.#
#.######..#
######.##.#
#..@J).....
..........#
#.#####....
######.##.# #.#
. .......##...
...
#########.####.#
#.. ... ##.


You could see an endoplasm.

Vanquished Creatures
  A goblin (D:1)
  A hobgoblin (D:1)
  A kobold (D:1)
  A rat (D:1)
4 creatures vanquished.

Notes
Turn   | Place    | Note
-------+----------+-------------------------------------------
     0 | D:1      | Essalna the Demonspawn Conjurer began the quest for the
                  | Orb.
     0 | D:1      | Reached XP level 1. HP: 13/13 MP: 3/3
    57 | D:1      | Found Roff's Book Shop.
   184 | D:1      | Frozen to death by an endoplasm

Illustrated notes

Levels and vault maps discovered:
D:1:      minmay_arrival_up_and_down, layout_loops_ring, serial_shops, shop,
          shop, shop, nicolae_shop_advertising_works
          [nicolae_subvault_shop_adworks], nicolae_shop_just_a_little_nook,
          chequers_ecumenical_altar_simple, amethyst_killhole,
          minmay_close_crescents

Action                     || total
---------------------------++-------
  Melee: Mace              ||     5
   Cast: Magic Dart        ||     7
 Armour: Robe              ||     4
  Dodge: Dodged            ||     1

Table legend: (Time is in decaauts)
 A = Elapsed time spent in this place.
 B = Non-inter-level travel time spent in this place.
 C = Inter-level travel time spent in this place.
 D = Time resting spent in this place.
 E = Time spent auto-exploring this place.
 F = Levels seen in this place.
 G = Mean time per level.
                   A        B        C        D        E       F      G
               +--------+--------+--------+--------+--------+-----+--------+
         Total |    185 |    185 |      0 |      0 |    139 |   1 |  185.0 |
       Dungeon |    185 |    185 |      0 |      0 |    139 |   1 |  185.0 |
               +--------+--------+--------+--------+--------+-----+--------+

Top non-repeatable levels by time:
     D:1: 185 daAuts
